 Dungeon Crawl Stone Soup version 0.24.0-123-gd5b16e6ec5 (webtiles) character file.

Game seed: 10041890451061377116, levelgen mode: deterministic

242 Johnny the Digger (level 5, -1/57 HPs)
             Began as a Demigod Earth Elementalist on Feb 1, 2020.
             Succumbed to a worker ant's poison
             ... on level 4 of the Dungeon.
             The game lasted 00:03:08 (3298 turns).

Johnny the Digger (Demigod Earth Elementalist)      Turns: 3298, Time: 00:03:09

Health: -1/57      AC:  4    Str: 16    XL:     5   Next: 52%
Magic:  1/13       EV: 12    Int: 21    God:
Gold:   101        SH:  0    Dex: 16    Spells: 7/11 levels left

rFire    . . .     SeeInvis .   a - +0 spear
rCold    . . .     Gourm    .   (no shield)
rNeg     . . .     Faith    .   c - +0 robe
rPois    .         Spirit   .   (no helmet)
rElec    .         Reflect  .   (no cloak)
rCorr    .         Harm     .   j - +0 pair of gloves
MR       .....                  q - +0 pair of boots
Stlth    ..........             k - amulet of rage
HPRegen  0.19/turn              (no ring)
MPRegen  0.13/turn              (no ring)

@: berserking (expiring), lethally poisoned (-1 -> -17), very slightly
contaminated, very quick
A: high mp 1
a: Evoke Berserk Rage


You were on level 4 of the Dungeon.
You were near starving.

You visited 1 branch of the dungeon, and saw 4 of its levels.

You collected 101 gold pieces.

Inventory:

Hand Weapons
 a - a +0 spear (weapon)
 o - a cursed -3 dagger
Missiles
 b - 20 stones (quivered)
Armour
 c - a +0 robe (worn)
 j - a +0 pair of gloves (worn)
 q - a +0 pair of boots (worn)
Jewellery
 k - an amulet of rage (around neck)
Scrolls
 e - 3 scrolls of identify {unknown}
 f - a scroll of magic mapping {unknown}
 g - a scroll of enchant weapon {unknown}
 h - a scroll of remove curse {unknown}
 l - a scroll of teleportation {unknown}
 p - a scroll of amnesia {unknown}
 r - a scroll of fog {unknown}
Potions
 i - 5 potions of heal wounds {unknown}
 m - a potion of haste {unknown}
 n - 3 potions of mutation {unknown}
Comestibles
 d - 6 rations


   Skills:
 - Level 1.7 Dodging
 - Level 1.7 Stealth
 + Level 3.8 Spellcasting
   Level 0.8 Transmutations
 + Level 4.6 Earth Magic


You had 7 spell levels left.
You knew the following spells:

 Your Spells              Type           Power        Failure   Level  Hunger
a - Sandblast             Erth           ###...       1%          1    None
b - Stone Arrow           Conj/Erth      ##....       14%         3    ###....

Your spell library contained the following spells:

 Spells                   Type           Power        Failure   Level  Hunger
 Passwall                 Tmut/Erth      ###.....     6%          2    #......
 Petrify                  Tmut/Erth      ###.....     36%         4    ####...
 Lee's Rapid Deconstruct  Erth           ###.......   45%         5    ######.


Dungeon Overview and Level Annotations

Branches:
Dungeon (4/15)
 Temple: D:4-7


Innate Abilities, Weirdness & Mutations

You have an increased reservoir of magic. (+10% MP)


Message History

* * * LOW HITPOINT WARNING * * *
You completely miss the worker ant.
The worker ant is almost dead.
* * * LOW HITPOINT WARNING * * *
You feel sick.
The worker ant bites you but does no damage.
Attack whom?
Press: ? - help, Dir - move target cursor, f/p - worker ant
Aim: a worker ant (almost dead)
You closely miss the worker ant.
The worker ant is almost dead.
* * * LOW HITPOINT WARNING * * *
You feel sick. The worker ant closely misses you.
Unknown command.
Attack whom?
Press: ? - help, Dir - move target cursor, f/p - worker ant
Aim: a worker ant (almost dead)
You hit the worker ant.
The worker ant is almost dead.
You die...

....# #......'..{.. ....#
######## #......#.....
....######......# #......#.....
####........."..# #....{.#.....
...#............# #..a...#...a.
...#............# #..o...#.....
...#............# #......#.....
#............(..#####......####+#
...###########..@a{.W...#### ..
...# ############ .. ...# ...
...# ... ...# ... ...# ^.. ...#
<..# ####


You could see a phantom and a worker ant.

Vanquished Creatures
  An ogre (D:4)
  A hound skeleton (D:3)
  5 adders
  7 worms
  5 dart slugs
  A leopard gecko (D:1)
  2 orcs
  A ball python (D:2)
  10 bats
  5 giant cockroaches
  5 goblins
  2 hobgoblins (D:1)
  9 jackals
  A quokka (D:2)
  3 frilled lizards
  4 kobolds
  9 rats
71 creatures vanquished.

Notes
Turn   | Place    | Note
-------+----------+-------------------------------------------
     0 | D:1      | Johnny the Demigod Earth Elementalist began the quest for
                  | the Orb.
     0 | D:1      | Reached XP level 1. HP: 14/14 MP: 5/5
   214 | D:1      | Reached skill level 3 in Earth Magic
   445 | D:1      | Reached XP level 2. HP: 20/20 MP: 5/7
   927 | D:1      | Reached XP level 3. HP: 12/26 MP: 5/9
   933 | D:1      | Learned a level 3 spell: Stone Arrow
  1881 | D:2      | Reached XP level 4. HP: 31/33 MP: 0/11
  2502 | D:3      | Reached skill level 4 in Earth Magic
  3241 | D:4      | Noticed an ogre
  3248 | D:4      | Killed an ogre
  3248 | D:4      | Reached XP level 5. HP: 38/38 MP: 3/13
  3249 | D:4      | Noticed a phantom
  3295 | D:4      | HP: 2/57 [worker ant (6)]
  3298 | D:4      | Succumbed to a worker ant's poison

Levels and vault maps discovered:
D:1:      dpeg_arrival_refuge, layout_loops_cross
D:2:      layout_basic
D:3:      layout_loops_ring, chequers_serial_rivers_large_a,
          minmay_misc_feat_columns
D:4:      layout_gridville, first_ration, hangedman_abyss_or_decor_stabs,
          uniq_crazy_yiuf_cottage, uniq_blork_the_orc

Skill      XL: |  1  2  3  4 |
---------------+-------------+-----
Spellcasting   | 2 3 |  3.8
Earth Magic    | 3 4 |  4.6
Dodging        | |  1.7
Stealth        | |  1.7
Transmutations | |  0.8

Action                   |  1- 3 |  4- 6 || total
-------------------------+-------+-------++-------
Melee: Spear             |   144 |    68 ||   212
       Unarmed           |     1 |       ||     1
 Cast: Sandblast         |    13 |    27 ||    40
       Stone Arrow       |    13 |     8 ||    21
 Abil: Evoke Berserk Rag |       |     1 ||     1
 Stab: Sleeping          |    13 |     5 ||    18
  Eat: Chunk             |     4 |     5 ||     9
Armor: Robe              |    25 |    17 ||    42
Dodge: Dodged            |    76 |    37 ||   113
